 Dungeon Crawl Stone Soup version 0.28.0-1-gb440e238dd (webtiles) character file.

Game seed: 8773413487647666581

186 raph the Firebug (level 5, -1/28 HPs)
             Began as a Gargoyle Fire Elementalist on Feb 20, 2022.
             Was an Initiate of Sif Muna.
             Slain by Crazy Yiuf (9 damage)
             ... on level 4 of the Dungeon.
             The game lasted 00:06:13 (4524 turns).

raph the Firebug (Gargoyle Fire Elementalist)       Turns: 4524, Time: 00:06:13

Health: -1/28      AC:  7    Str: 12    XL:     5   Next: 66%
Magic:  1/8        EV: 11    Int: 17    God:    Sif Muna [......]
Gold:   161        SH:  0    Dex: 10    Spells: 0/8 levels left

rFire   . . .      SeeInvis .   g - +0 long sword
rCold   . . .      Faith    .   (no shield)
rNeg    + . .      Spirit   .   a - +0 robe
rPois   ∞          Reflect  .   (no helmet)
rElec   +          Harm     .   (no cloak)
rCorr   .          Rampage  .   c - +0 pair of gloves
Will    .....                   (no boots)
Stlth   ++........              (no amulet)
HPRegen 0.09/turn               (no ring)
MPRegen 0.11/turn               (no ring)

@: mighty
A: sickness immunity, AC +4, negative energy resistance 1, electricity
resistance, torment resistance 1, petrification resistance
a: Renounce Religion


You were on level 4 of the Dungeon.
You worshipped Sif Muna.
Sif Muna was noncommittal.
You visited 1 branch of the dungeon, and saw 4 of its levels.

You collected 161 gold pieces.

Inventory:

Hand Weapons
 e - a +1 dagger
 g - a +0 long sword (weapon)
Armour
 a - a +0 robe (worn)
 c - a +0 pair of gloves (worn)
Scrolls
 d - a scroll of identify
 f - 2 scrolls of teleportation {unknown}
 h - a scroll of summoning {unknown}
 j - a scroll of amnesia {unknown}
 k - a scroll of enchant weapon
Potions
 b - 2 potions of attraction {unknown}
 i - a potion of resistance {unknown}


   Skills:
 - Level 1.5 Dodging
 - Level 2.1 Stealth
 + Level 2.4 Spellcasting
 + Level 4.0 Conjurations
 + Level 4.6 Fire Magic
 + Level 0.0 Earth Magic


You couldn't memorise any spells.
You knew the following spells:

 Your Spells              Type           Power      Damage    Failure   Level
a - Foxfire               Conj/Fire      64%        2x1d7     3%          1
b - Scorch                Fire           34%        2d6       4%          2
c - Conjure Flame         Conj/Fire      16%        6-21      10%         3
d - Passwall              Tmut/Erth      1%         N/A       28%         2

Your spell library contained the following spells:

 Spells                   Type           Power      Damage    Failure   Level
 Sandblast                Erth           4%         2d4       19%         1
 Summon Small Mammal      Summ           8%         N/A       19%         1
 Inner Flame              Hex/Fire       10%        N/A       22%         3
 Stone Arrow              Conj/Erth      16%        3d8       24%         3
 Flame Wave               Conj/Fire      16%        2d6       30%         4
 Call Canine Familiar     Summ           2%         N/A       50%         3
 Summon Guardian Golem    Hex/Summ       2%         N/A       50%         3
 Fireball                 Conj/Fire      8%         3d6       65%         5
 Iskenderun's Battlesphe  Conj           15%        2d7       69%         5
 Conjure Ball Lightning   Conj/Air       4%         3x3d6     100%        6
 Orb of Destruction       Conj           7%         9d6       100%        7


Dungeon Overview and Level Annotations

Branches:
Dungeon (4/15)
 Temple: D:4-7

Altars:
Cheibriados
Sif Muna
Zin

Shops:
D:4 [

Annotations:
D:2 Sigmund
D:4 Crazy Yiuf


Innate Abilities, Weirdness & Mutations

You are immune to sickness and miasma.
Your stone body is resilient. (AC +4)
You are immune to poison.
You resist negative energy. (rN+)
You are resistant to electric shocks. (rElec)
You are resistant to unholy torment.
You are immune to petrification.


Message History

Crazy Yiuf yells, "Buddy hand Hive!"
Crazy Yiuf laughs, "Line!"
Casting: Foxfire (safe; 3% risk of failure)
Confirm with . or Enter, or press ? or * to list all spells.
Flames lash Crazy Yiuf.
Crazy Yiuf is heavily wounded.
Crazy Yiuf's fire resistance burns away.
Crazy Yiuf hits you with a +4 quarterstaff of chaos!
You feel your power leaking away.
Casting: Scorch (safe; 4% risk of failure)
Confirm with . or Enter, or press ? or * to list all spells.
You miscast Foxfire.
You are very lightly contaminated with residual magic.
Nothing appears to happen.
Crazy Yiuf barely misses you.
Casting: Foxfire (safe; 3% risk of failure)
Confirm with . or Enter, or press ? or * to list all spells.
You conjure some foxfire!
Crazy Yiuf hits you with a +4 quarterstaff of chaos!
You feel very mighty all of a sudden.
You barely miss Crazy Yiuf.
Crazy Yiuf is heavily wounded.
The foxfire hits Crazy Yiuf but does no damage.
Crazy Yiuf is heavily wounded.
The foxfire hits Crazy Yiuf but does no damage.
Crazy Yiuf is heavily wounded.
Crazy Yiuf hits you with a +4 quarterstaff of chaos!
* * * LOW HITPOINT WARNING * * *
Casting: Foxfire (safe; 3% risk of failure)
Confirm with . or Enter, or press ? or * to list all spells.
You don't have enough magic to cast this spell.
Crazy Yiuf is no longer more vulnerable to fire.
Crazy Yiuf laughs, "Race!"
Your magical contamination has completely faded away.
Crazy Yiuf whimpers, "Whiteboard!
Ice horse agre."
Crazy Yiuf says, "Crazy?
Crazy!?
PORCUPINE!"
Casting: Foxfire (safe; 3% risk of failure)
Confirm with . or Enter, or press ? or * to list all spells.
You conjure some foxfire!
Crazy Yiuf hits you with a +4 quarterstaff of chaos!
You die...

#.# #.........##
#.# ##........###
#.# #.........#..
#.########
##.......#..#
#........##
######....##
####.>....##
###..##
#........#
##..###
#...g....# ##..##
##...v@...#
##..##
#....v....###..##
#.........#..###
#.........>.##
#.........#..#
#....[...##..#
##.......###.##
##....### #..#
###### ##.#####


You could see Crazy Yiuf (ally target).

Vanquished Creatures
  Blork the orc (D:4)
  A hound skeleton (D:4)
  5 adders
  A worm (D:2)
  4 dart slugs
  3 ball pythons
  4 endoplasms
  2 giant cockroaches (D:1)
  9 goblins
  4 hobgoblins
  2 jackals (D:4)
  3 quokkas
  4 bats
  A frilled lizard (D:1)
  7 kobolds
  3 rats
54 creatures vanquished.

Vanquished Creatures (others)
  182 foxfires
182 creatures vanquished.

Grand Total: 236 creatures vanquished

Notes
Turn   | Place    | Note
-------+----------+-------------------------------------------
     0 | D:1      | raph the Gargoyle Fire Elementalist began the quest for the
                  | Orb.
     0 | D:1      | Reached XP level 1. HP: 10/10 MP: 3/3
   222 | D:1      | Reached XP level 2. HP: 15/15 MP: 3/5
   254 | D:1      | Learned a level 2 spell: Scorch
  1206 | D:2      | Found a faded altar of an unknown god.
  1231 | D:2      | Noticed Sigmund
  1262 | D:2      | Reached XP level 3. HP: 19/19 MP: 1/6
  1266 | D:2      | Learned a level 3 spell: Conjure Flame
  1936 | D:2      | Reached XP level 4. HP: 24/24 MP: 4/7
  2651 | D:3      | HP: 1/24 [gnoll (6)]
  2796 | D:4      | HP: 1/24 [adder (1)]
  3221 | D:4      | Found a snail-covered altar of Cheibriados.
  3236 | D:4      | Found Umiqo's Antique Armour Shop.
  3429 | D:4      | Found a shimmering blue altar of Sif Muna.
  3580 | D:4      | Became a worshipper of Sif Muna the Loreminder
  3917 | D:4      | Noticed Blork the orc
  3925 | D:4      | Killed Blork the orc
  3926 | D:4      | Reached XP level 5. HP: 28/28 MP: 0/8
  4045 | D:4      | Found a glowing silver altar of Zin.
  4200 | D:4      | Learned a level 2 spell: Passwall
  4398 | D:4      | Found a runed translucent door.
  4399 | D:4      | Noticed Crazy Yiuf
  4524 | D:4      | Slain by Crazy Yiuf

Illustrated notes

Levels and vault maps discovered:
D:1:      wander_arrival_estate, layout_basic, st_stairs_9
D:2:      layout_loops_cross, shapermc_ecumenical_altar_notcrosses, uniq_sigmund
D:3:      layout_basic, nicolae_ashenzari_panopticon, minmay_diced_spiral
D:4:      layout_cave_pods, zin_scriptorium, cheibriados_altar_1,
          mainiacjoe_overflow_brackets, serial_shops, shop, uniq_blork_the_orc,
          uniq_crazy_yiuf_cottage

Skill      XL: |  1  2  3  4  5 |
---------------+----------------+-----
Conjurations   | 2 3 4 |  4.0
Fire Magic     | 4 |  4.6
Dodging        | |  1.5
Stealth        | |  2.1
Spellcasting   | |  2.4

Action                   |  1- 3 |  4- 6 || total
-------------------------+-------+-------++-------
Melee: Unarmed           |     1 |       ||     1
       Dagger            |     3 |    13 ||    16
       Long sword        |       |     5 ||     5
 Cast: Foxfire           |    47 |    58 ||   105
       Scorch            |     8 |     8 ||    16
  Use: Scroll            |     4 |       ||     4
       Potion            |       |     1 ||     1
 Stab: Sleeping          |       |     1 ||     1
Armor: Robe              |     4 |    37 ||    41
Dodge: Dodged            |    12 |    68 ||    80
